 Dungeon Crawl Stone Soup version 0.28.0 (webtiles) character file.

Game seed: 13455170344602739324

122 Lambsauce the Covered (level 4, -4/41 HPs)
             Began as a Minotaur Fighter on Feb 12, 2022.
             Slain by a gnoll (5 damage)
             ... on level 4 of the Dungeon.
             The game lasted 00:04:22 (2173 turns).

Lambsauce the Covered (Minotaur Fighter)            Turns: 2173, Time: 00:04:22

Health: -4/41      AC:  7    Str: 22    XL:     4   Next: 78%
Magic:  3/3        EV: 11    Int:  5    God:
Gold:   84         SH:  5    Dex: 14    Spells: 3/3 levels left

rFire   . . .      SeeInvis .   a - +0 long sword
rCold   . . .      Faith    .   c - +0 buckler
rNeg    + + .      Spirit   .   k - +1 robe of Eziun {rN++ Will- Dex+4}
rPois   .          Reflect  .   (helmet restricted)
rElec   .          Harm     .   (no cloak)
rCorr   .          Rampage  .   (no gloves)
Will    .....                   (no boots)
Stlth   +.........              (no amulet)
HPRegen 0.13/turn               e - +4 ring of protection
MPRegen 0.08/turn               (no ring)

@: lit by a corona, glowing
A: horns 2, retaliatory headbutt
a: no special abilities


You were on level 4 of the Dungeon.
You visited 1 branch of the dungeon, and saw 4 of its levels.

You collected 84 gold pieces.

Inventory:

Hand Weapons
 a - a +0 long sword (weapon)
Missiles
 f - 17 sling bullets
 h - 3 poisoned darts (quivered)
Armour
 b - a +0 scale mail
 c - a +0 buckler (worn)
 k - the +1 robe of Eziun (worn) {rN++ Will- Dex+4}
   (You found it on level 3 of the Dungeon)

   Dex:       It affects your dexterity (+4).
   rN:        It greatly protects you from negative energy.
   Will:      It decreases your willpower.
Jewellery
 e - a +4 ring of protection (left hand)
Potions
 d - 2 potions of might
 g - a potion of degeneration
 i - a potion of invisibility {unknown}


   Skills:
 + Level 4.5 Fighting
 + Level 4.2 Long Blades
 + Level 4.5 Armour
 + Level 0.3 Dodging
 + Level 4.0 Shields


You had 3 spell levels left.
You didn't know any spells.
Your spell library contained the following spells:

 Spells                   Type           Power      Damage    Failure   Level
 Call Canine Familiar     Summ           0%         N/A       90%         3
 Portal Projectile        Hex/Tloc       0%         N/A       90%         3
 Leda's Liquefaction      Hex/Erth       0%         N/A       100%        4


Dungeon Overview and Level Annotations

Branches:
Dungeon (4/15)
 Temple: D:4-7

Altars:


Innate Abilities, Weirdness & Mutations

You have a pair of horns on your head.
You reflexively headbutt those who attack you in melee.


Message History

Things that are here:
a +0 club; a gnoll corpse You barely miss the gnoll.
The gnoll closely misses you.
You closely miss the gnoll. You headbutt the gnoll!
The gnoll is severely wounded.
The gnoll barely misses you. The gnoll closely misses you.
You hit the gnoll.
The gnoll is severely wounded.
The gnoll closely misses you.
You hit the gnoll.
You kill the gnoll!
You block the gnoll shaman's attack.
A gnoll comes into view. It is wielding a +0 flail.
The gnoll shouts!
You hit the gnoll shaman.
The gnoll shaman is lightly wounded.
The gnoll shaman hits you but does no damage.
The gnoll shaman hits you with a +0 whip!
You closely miss the gnoll shaman.
The gnoll shaman is lightly wounded.
The gnoll hits you with a +0 flail!
* * * LOW HITPOINT WARNING * * *
The gnoll shaman closely misses you.
There are monsters nearby!
You hit the gnoll shaman.
The gnoll shaman is moderately wounded.
The gnoll hits you with a +0 flail.
* * * LOW HITPOINT WARNING * * *
The gnoll shaman hits you but does no damage.
You slash the gnoll shaman! Your headbutt misses the gnoll shaman.
The gnoll shaman is severely wounded.
The gnoll hits you with a +0 flail.
* * * LOW HITPOINT WARNING * * *
The gnoll shaman calls down the wrath of its god upon you.
You are outlined in light.
As you read the scroll labelled ITOKKI BEHISHROG, it crumbles to dust.
You feel a surge of unholy energy.
The gnoll convulses!
The gnoll shaman convulses!
It was a scroll of torment.
The gnoll hits you with a +0 flail.
You die...

##+## # ##...##
####.#####.....##
#.....g@#.......##
#.#####g.........#
#).........+
#..........#
#)#.......##
..#####)##.....##
........###...##
.######## ##+##


You could see a gnoll shaman and a gnoll.

Vanquished Creatures
  2 orc wizards (D:4)
  2 adders
  4 gnolls (D:4)
  An orc (D:4)
  2 ball pythons
  An endoplasm (D:2)
  A giant cockroach (D:2)
  4 goblins
  3 hobgoblins
  3 jackals (D:2)
  5 kobolds (D:2)
  2 frilled lizards
  2 rats
32 creatures vanquished.

Notes
Turn   | Place    | Note
-------+----------+-------------------------------------------
     0 | D:1      | Lambsauce the Minotaur Fighter began the quest for the Orb.
     0 | D:1      | Reached XP level 1. HP: 19/19 MP: 0/0
   624 | D:1      | Reached XP level 2. HP: 27/27 MP: 1/1
  1461 | D:2      | Reached XP level 3. HP: 22/33 MP: 2/2
  1948 | D:3      | Identified the +1 robe of Eziun {rN++ Will- Dex+4}
  2080 | D:4      | Reached XP level 4. HP: 11/41 MP: 3/3
  2172 | D:4      | HP: 1/41 [gnoll (6)]
  2173 | D:4      | Slain by a gnoll

Illustrated notes

Levels and vault maps discovered:
D:1:      eino_arrival_water_star, layout_loops_ring
D:2:      layout_basic
D:3:      layout_basic, serial_shops, nicolae_shop_crystal,
          chequers_ecumenical_altar_simple_redux, minmay_misc_feat_room,
          uniq_ijyb
D:4:      layout_loops_corners

Skill      XL: |  1  2  3  4 |
---------------+-------------+-----
Fighting       | 4 |  4.5
Armour         | 4 |  4.5
Long Blades    | 3 4 |  4.2
Shields        | 4 |  4.0
Dodging        | |  0.3

Action                   |  1- 3 |  4- 6 || total
-------------------------+-------+-------++-------
Melee: Long sword        |    79 |    15 ||    94
       Headbutt          |     6 |     2 ||     8
  Use: Scroll            |     3 |     1 ||     4
Armor: Scale mail        |    32 |       ||    32
       Robe              |     5 |     3 ||     8
Dodge: Dodged            |    33 |    11 ||    44
Block: Buckler           |    19 |     4 ||    23
